 Dungeon Crawl Stone Soup version 0.28.0-53-g5a82cb258f (webtiles) character file.

Game seed: 9602193131542404431

161 Infernotoast the Chopper (level 5, -1/47 HPs)
             Began as a Minotaur Berserker on July 25, 2022.
             Was a Believer of Trog.
             Slain by Pargi (6 damage)
             ... on level 2 of the Dungeon.
             The game lasted 00:17:05 (4050 turns).

Infernotoast the Chopper (Minotaur Berserker)       Turns: 4050, Time: 00:17:05

Health: -1/47      AC:  3    Str: 23    XL:     5   Next: 19%
Magic:  4/4        EV: 12    Int:  4    God:    Trog [**....]
Gold:   109        SH:  4    Dex: 10    Spells: 4/4 levels left

rFire   . . .      SeeInvis .   a - +0 hand axe
rCold   . . .      Faith    .   c - +1 buckler
rNeg    . . .      Spirit   .   f - +0 leather armour
rPois   .          Reflect  .   (helmet restricted)
rElec   .          Harm     .   (no cloak)
rCorr   .          Rampage  .   (no gloves)
Will    .....                   (no boots)
Stlth   +.........              (no amulet)
HPRegen 0.15/turn               (no ring)
MPRegen 0.09/turn               (no ring)

@: no status effects
A: horns 2, retaliatory headbutt
a: Renounce Religion, Berserk, Trog's Hand


You were on level 2 of the Dungeon.
You worshipped Trog.
Trog was pleased with you.
You visited 1 branch of the dungeon, and saw 3 of its levels.

You collected 109 gold pieces.

Inventory:

Hand Weapons
 a - a +0 hand axe (weapon)
Armour
 c - a +1 buckler (worn)
 f - a +0 leather armour (worn)
Scrolls
 g - a scroll of identify {unknown}
Potions
 d - 2 potions of curing {unknown}
 e - a potion of haste {unknown}


   Skills:
 + Level 4.8 Fighting
 + Level 5.2 Axes
 + Level 2.6 Armour
 + Level 3.4 Dodging
 + Level 0.8 Stealth
 + Level 0.4 Shields


You had 4 spell levels left.
You didn't know any spells.
Your spell library was empty.

Dungeon Overview and Level Annotations

Branches:
Dungeon (3/15)

Altars:
Nemelex Xobeh

Annotations:
D:2 Pargi
D:3 Robin, Sigmund


Innate Abilities, Weirdness & Mutations

You have a pair of horns on your head.
You reflexively headbutt those who attack you in melee.


Message History

The gnoll is heavily wounded.
You hit Pargi. You hit the gnoll. The gnoll closely misses you.
You furiously retaliate!
You headbutt the gnoll!
You kill the gnoll!
Trog accepts your kill. Pargi misses you. You furiously retaliate!
You headbutt Pargi. You block Pargi's attack.
Pargi claws you but does no damage. The gnoll hits you with a +0 club.
You slash Pargi!
Pargi is severely wounded.
You closely miss the goblin. You closely miss the gnoll. Pargi bites you.
Pargi claws you. Pargi claws you but does no damage.
The gnoll closely misses you.
The goblin unwields a +0 hunting sling.
The goblin wields a +0 club.
You block the goblin's attack.
You can't go down here!
Pargi bites you. Pargi closely misses you. Pargi claws you but does no damage.
The gnoll hits you with a +0 club. The goblin hits you with a +0 club. x2
* * * LOW HITPOINT WARNING * * *
You climb upwards.
There is a stone staircase leading down, spattered with blood here.
You see here a +0 club.
You hit the goblin. Your headbutt misses the goblin.
The goblin is moderately wounded.
You barely miss Pargi. You hit the goblin but do no damage.
You closely miss the gnoll. You block Pargi's attack. Pargi claws you.
* * * LOW HITPOINT WARNING * * *
Pargi claws you but does no damage. The gnoll hits you with a +0 club.
* * * LOW HITPOINT WARNING * * *
The goblin hits you but does no damage. x2
You slash the goblin!
You kill the goblin!
Trog accepts your kill.
You slash the gnoll!
You kill the gnoll!
Trog accepts your kill.
You hit the goblin.
You kill the goblin!
Trog accepts your kill.
You hit Pargi. Pargi bites you.
You die...

####.# #......###.###.## #.#
#.#####.#........ #)# #.#
##....##.#. #.# #.# #.....#.#.
####.# #.# ##<..##.#. .....#
#######.### ##.....#. #.####
#.........# #.#####. #.#######
#.#####T#.# #.# #. ........# #.#
#)@)#.# ##'## ## #.#####.#
#.###)###.# ##...## ...## #.#
#.##.#.##.# ##.....## .#..# #.#
#.#.###.#.###.......##
....###.###..## ##..##.........##
..............# #....'.........'.
#...###.######.#..#.##.........##
........# #..##.###.......##
###.##### #####.####.....##


You could see Pargi.

Vanquished Creatures
  6 gnolls
  3 adders
  A worm (D:2)
  A dart slug (D:2)
  6 orcs
  5 endoplasms
  2 giant cockroaches
  13 goblins
  4 hobgoblins
  10 jackals
  6 kobolds
  5 quokkas
  5 ball pythons
  2 bats
  A frilled lizard (D:1)
  3 rats
73 creatures vanquished.

Notes
Turn   | Place    | Note
-------+----------+-------------------------------------------
     0 | D:1      | Infernotoast the Minotaur Berserker began the quest for the
                  | Orb.
     0 | D:1      | Reached XP level 1. HP: 19/19 MP: 0/0
   255 | D:1      | Found a faded altar of an unknown god.
   587 | D:1      | Reached XP level 2. HP: 27/27 MP: 1/1
   621 | D:1      | Reached skill level 4 in Axes
   996 | D:1      | Reached XP level 3. HP: 32/32 MP: 2/2
  1543 | D:2      | Reached ** piety under Trog
  1919 | D:2      | Reached XP level 4. HP: 34/41 MP: 3/3
  2429 | D:3      | Noticed Sigmund
  3345 | D:3      | Reached skill level 5 in Axes
  3652 | D:3      | Found a sparkling altar of Nemelex Xobeh.
  3666 | D:3      | Noticed Robin
  3666 | D:3      | Noticed Pargi
  3791 | D:3      | Reached XP level 5. HP: 24/47 MP: 4/4
  4050 | D:2      | Slain by Pargi

Illustrated notes

Levels and vault maps discovered:
D:1:      nicolae_arrival_memento_mori, layout_basic,
          shapermc_ecumenical_altar_petra, minmay_stone_trees_small,
          palyth_stone_intersect
D:2:      minmay_chambers_of_twos, layout_loops_corners, cheibrodos_gnoll_hut
D:3:      layout_basic, mainiacjoe_overflow_alcove_4, uniq_sigmund, uniq_pargi,
          uniq_crazy_yiuf_cottage, uniq_robin

Skill      XL: |  1  2  3  4 |
---------------+-------------+-----
Fighting       | 4 |  4.8
Axes           | 4 5 |  5.2
Dodging        | 3 |  3.4
Armour         | |  2.6
Stealth        | |  0.8
Shields        | |  0.4

Action                   |  1- 3 |  4- 6 || total
-------------------------+-------+-------++-------
Melee: Hand axe          |    77 |    58 ||   135
       Headbutt          |    11 |     5 ||    16
  Use: Scroll            |       |     5 ||     5
 Stab: Sleeping          |     1 |     1 ||     2
Armor: Animal skin       |    12 |     5 ||    17
       Leather armour    |       |    13 ||    13
Dodge: Dodged            |    39 |    37 ||    76
Block: Buckler           |     5 |    19 ||    24
